 Seeded DCSS version 0.31-a0-217-g58bb5d79cf (webtiles) character file.

Game seed: 6611737155215251540 (custom seed)

44108 innerfire43 the Carver (level 13, -5/107 HPs)
             Began as a Demonspawn Monk on July 2, 2023.
             Was an Elder of Uskayaw.
             Slain by a demonic crawler (11 damage)
             ... on level 2 of the Spider Nest.
             The game lasted 00:22:47 (18225 turns).

innerfire43 the Carver (Demonspawn Monk)           Turns: 18225, Time: 00:22:48

Health: -5/107     AC: 19    Str: 27    XL:     13   Next: 94%
Magic:  13/13      EV: 11    Int: 12    God:    Uskayaw [****..]
Gold:   1109       SH:  0    Dex: 19    Spells: 12/12 levels left

rFire   + . .        M - +7 Throatcutter {drain, coup de grace}
rCold   . . .        w - +1 tower shield
rNeg    . . .        I - +2 leather armour "Vueronat" {rPois rC+ Dex+3}
rPois   +            (helmet restricted)
rElec   .            v - +2 cloak
rCorr   +            W - +0 pair of gloves
SInv    .            m - +0 pair of boots
Will    .....        g - amulet of reflection
Stlth   +            r - +6 ring of strength
HPRegen 0.37/turn    X - ring of Reer Ovo {Fire rCorr Str+5}
MPRegen 0.13/turn

%: reflection
@: confused, sanguine armoured
A: horns 2, demonic guardian 2, sanguine armour 2, bedeviling
a: Renounce Religion, Stomp, Line Pass


You were on level 2 of the Spider Nest.
You worshipped Uskayaw.
Uskayaw was noncommittal.
You visited 3 branches of the dungeon, and saw 16 of its levels.
You also visited: Sewer.

You collected 1109 gold pieces.

Inventory:

Hand Weapons
 a - a +1 falchion of protection
 M - the +7 Throatcutter (weapon) {drain, coup de grace}
   (You found it on level 6 of the Dungeon)
Armour
 m - a +0 pair of boots (worn)
 v - a +2 cloak (worn)
 w - a +1 tower shield (worn)
 I - the +2 leather armour "Vueronat" (worn) {rPois rC+ Dex+3}
   (You found it on level 5 of the Dungeon)

   Dex:       It affects your dexterity (+3).
   rC:        It protects you from cold.
   rPois:     It protects you from poison.
 L - a +3 leather armour of fire resistance
 W - a +0 pair of gloves (worn)
Jewellery
 f - an amulet of faith
 g - an amulet of reflection (around neck)
 q - a ring of positive energy
 r - a +6 ring of strength (left hand)
 x - an amulet of magic regeneration
 F - a ring of protection from fire
 J - an amulet of guardian spirit
 X - the ring of Reer Ovo (right hand) {Fire rCorr Str+5}
   (You found it on level 2 of the Lair of Beasts)

   [ring of fire]

   It enhances your fire magic.
   Str:       It affects your strength (+5).
   rF:        It protects you from fire.
   rC:        It makes you vulnerable to cold.
   rCorr:     It protects you from acid and corrosion.
Wands
 s - a wand of flame (39)
 u - a wand of roots (28)
 T - a wand of mindburst (3)
 U - a wand of charming (9)
Scrolls
 b - a scroll of identify
 h - 2 scrolls of fear
 y - 5 scrolls of teleportation
 K - a scroll of poison
 O - a scroll of enchant weapon
 Q - a scroll of silence
 V - 4 scrolls of blinking
 Y - 2 scrolls of revelation
 Z - a scroll of fog
Potions
 c - 3 potions of attraction
 j - 2 potions of mutation
 k - 4 potions of brilliance
 l - 3 potions of might
 o - 2 potions of berserk rage
 p - 5 potions of curing
 z - 2 potions of enlightenment
 A - 2 potions of haste
 B - 3 potions of cancellation
 C - 4 potions of magic
 D - 3 potions of lignification
 P - a potion of invisibility


   Skills:
 + Level 11.7 Fighting
 * Level 14.8 Long Blades
 - Level 2.7 Dodging
 * Level 13.8 Shields


You had 12 spell levels left.
You didn't know any spells.
Your spell library contained the following spells:

 Spells                   Type           Power      Damage    Failure   Level
 Sting                    Tmut/Pois      0%         1d3       67%         1
 Cigotuvi's Dreadful Rot  Necr/Pois/Air  0%         N/A       80%         2
 Momentum Strike          Conj/Tloc      0%         3d8       80%         2
 Poisonous Vapours        Pois/Air       0%         N/A       80%         2
 Searing Ray              Conj           0%         2d4       80%         2
 Tukima's Dance           Hex            0%         N/A       95%         3
 Dispel Undead            Necr           0%         3d6       100%        4
 Manifold Assault         Tloc           0%         N/A       100%        4
 Olgreb's Toxic Radiance  Pois           0%         N/A       100%        4
 Passage of Golubria      Tloc           0%         N/A       100%        4
 Summon Ice Beast         Ice/Summ       0%         N/A       100%        4
 Summon Mana Viper        Hex/Summ       0%         N/A       100%        5
 Yara's Violent Unravell  Hex/Tmut       0%         3d3       100%        5
 Death Channel            Necr           0%         N/A       100%        6
 Dispersal                Tloc           0%         N/A       100%        6
 Monstrous Menagerie      Summ           0%         N/A       100%        7
 Orb of Destruction       Conj           0%         9d5       100%        7
 Disjunction              Tloc           0%         N/A       100%        8
 Ignition                 Fire           0%         3d3       100%        8


Dungeon Overview and Level Annotations

Branches:
Dungeon (10/15)            Temple (0/1) D:7            Lair (4/5) D:10
 Shoals (0/4) Lair:2       Spider (2/4) Lair:3        Slime (0/5) Lair:4
  Sewer (visited)
    Orc: D:9-12

Altars:
Nemelex Xobeh
Trog
Uskayaw

Portals:
Ice
Cave: Spider:2

Annotations:
D:8 2 transporters, ragingrage's ghost, novice VSHu
Lair:4 exclusion: 2 oklob plants


Innate Abilities, Weirdness & Mutations

You have a pair of horns on your head.
A demonic guardian rushes to your aid.
When seriously injured, your blood forms thick armour. (AC +9)
Your hexes are more powerful.


Message History

The tarantella is lightly wounded.
The jumping spider is no longer sharing its pain.
The tarantella is no longer sharing its pain.
The demonic crawler is no longer sharing its pain.
The pharaoh ant is no longer sharing its pain.
The jumping spider is no longer sharing its pain.
You block the tarantella's attack.
The jumping spider completely misses you.
The jumping spider bites you but does no damage.
The tarantella touches you but does no damage.
You block the demonic crawler's attack. x2
The demonic crawler barely misses you.
The jumping spider leaps! x2
The tarantella touches you.
You are confused.
You slash the tarantella!
The tarantella is severely wounded.
The tarantella touches you but does no damage.
The demonic crawler hits you but does no damage. x3
The pharaoh ant closely misses you. The tarantella touches you.
The culicivora bites you!
The culicivora draws strength from your injuries!
The tarantella touches you!
You are more confused.
You slash the culicivora! You headbutt the culicivora!
The culicivora is heavily wounded.
The demonic crawler hits you.
The demonic crawler hits you but does no damage.
The demonic crawler hits you!
* * * LOW HITPOINT WARNING * * *
A demonic guardian appears!
The pharaoh ant bites you!
* * * LOW HITPOINT WARNING * * *
The jumping spider leaps!
The tarantella closely misses you. The culicivora bites you.
* * * LOW HITPOINT WARNING * * *
The culicivora draws strength from your injuries!
The tarantella touches you but does no damage.
The demonic crawler closely misses you. The demonic crawler hits you.
* * * LOW HITPOINT WARNING * * *
The demonic crawler hits you!
You die...

#...#.^.## #
##.<.....## ..#
#...>....# ...#
#..^......##...#.
##.######........
.... ##.#s.......
.#...
#..†sy...... ###.
##s°.....°..
#s@B........
#<...ss..#......
#....s#.3....#..
#.#...#.^.s.....
.......#####....
.#.∩.#. ....
..^.... #.
##.#.#.


You could see a demonic crawler, 2 wolf spiders, a moth of wrath, a culicivora,
a pharaoh ant, 2 jumping spiders, 2 tarantellas and a friendly smoke demon
(summoned).

Vanquished Creatures
  An emperor scorpion (Spider:1)
  A broodmother (Spider:1)
  The ghost of HilariousDeathArtist the Fighter, a journeyman DrHs of Okawaru (Lair:2)
  An entropy weaver (Spider:1)
  2 jorogumos (Spider:1)
  An ice dragon (Lair:2)
  Erica (D:8)
  The ghost of innerfire43 the Carver, a journeyman DsMo of Hepliaklqana (D:10)
  A boulder beetle (Spider:1)
  A death yak (Lair:2)
  Urug (D:10)
  Nergalle (Lair:1)
  3 pharaoh ants (Spider:1)
  An orb spider (Spider:1)
  Pikel (D:4)
  2 harpies (Lair:2)
  A wolf spider (Spider:1)
  4 steelbarb worms
  2 manticores
  A moth of wrath (Spider:1)
  3 torpor snails
  6 cane toads
  4 komodo dragons
  3 rime drakes
  Prince Ribbit (D:6)
  Grinder (D:4)
  2 trolls
  18 blink frogs
  4 dream sheep (Lair:3)
  3 tarantellas (Spider:1)
  Sigmund (D:3)
  2 shadows (D:10)
  4 culicivoras (Spider:1)
  48 yaks
  5 wyverns
  Eustachio (D:4)
  11 redbacks
  2 basilisks
  2 steam dragons (D:7)
  Edmund (D:6)
  An acid dragon (D:9)
  12 water moccasins
  Duvessa (D:6)
  3 orc warriors
  A sky beast (D:7)
  A black bear (D:6)
  2 ogres (D:5)
  2 centaurs
  A phantom (D:5)
  12 kobold brigands
  8 bullfrogs
  A gnoll sergeant (D:8)
  6 necrophages
  5 scorpions
  A wight (Sewer)
  Dowan (D:6)
  An elephant simulacrum (Lair:2)
  9 killer bees
  A rime drake simulacrum (Lair:2)
  3 howler monkeys
  2 komodo dragon simulacra (Lair:2)
  4 hounds
  5 jellies
  2 orc priests
  Crazy Yiuf (D:2)
  2 gnoll boudas
  Ijyb (D:3)
  2 iguanas (D:5)
  4 sleepcaps
  5 orc wizards
  5 hell rats (Lair:2)
  2 yak simulacra (Lair:2)
  20 gnolls
  4 adders
  14 river rats
  5 shadow imps
  A white imp (D:6)
  4 ufetubi
  An adder zombie (Sewer)
  3 worms (D:2)
  A dart slug (D:3)
  14 orcs
  4 ball pythons
  4 endoplasms
  4 giant cockroaches
  4 goblins
  6 hobgoblins
  A jackal (D:4)
  9 quokkas
  7 bats
  A frilled lizard (D:3)
  A giant cockroach zombie (Sewer)
  33 kobolds
  A kobold zombie (Sewer)
  17 rats
416 creatures vanquished.

Vanquished Creatures (collateral kills)
  A hydra (Lair:2)
  A black mamba (Lair:3)
  A rime drake (Lair:2)
  A komodo dragon (Lair:1)
  A jumping spider (Spider:1)
  2 water moccasins
  A sky beast (D:6)
  A black bear (D:6)
  An ogre (D:6)
  4 killer bees
  A jelly (D:6)
  An iguana (D:6)
  A hell rat (Lair:2)
  An adder (D:4)
  A jackal (D:4)
  A quokka (Lair:2)
  2 rats (Lair:2)
22 creatures vanquished.

Grand Total: 438 creatures vanquished

Notes
Turn   | Place    | Note
-------+----------+-------------------------------------------
     0 | D:1      | innerfire43 the Demonspawn Monk began the quest for the
                  | Orb.
     0 | D:1      | Reached XP level 1. HP: 18/18 MP: 1/1
   319 | D:1      | Reached skill level 3 in Long Blades
   327 | D:1      | Gained mutation: You have a pair of small horns on your
                  | head. [demonic ancestry]
   327 | D:1      | Reached XP level 2. HP: 24/24 MP: 2/2
  1179 | D:2      | Reached XP level 3. HP: 29/29 MP: 3/3
  1370 | D:2      | Gained mutation: When seriously injured, your blood forms
                  | armour. (AC +9) [demonic ancestry]
  1370 | D:2      | Reached XP level 4. HP: 37/37 MP: 4/4
  1490 | D:2      | Reached skill level 4 in Long Blades
  1557 | D:2      | Found a runed translucent door.
  1558 | D:2      | Noticed Crazy Yiuf
  1766 | D:2      | Killed Crazy Yiuf
  2090 | D:3      | Found a faded altar of an unknown god.
  2091 | D:3      | Noticed Sigmund
  2117 | D:3      | Killed Sigmund
  2118 | D:3      | Reached skill level 5 in Long Blades
  2118 | D:3      | Gained mutation: A weak demonic guardian rushes to your
                  | aid. [demonic ancestry]
  2118 | D:3      | Reached XP level 5. HP: 35/43 MP: 5/5
  2118 | D:3      | Gained mutation: A demonic guardian rushes to your aid.
                  | [demonic ancestry]
  2118 | D:3      | Reached XP level 6. HP: 40/49 MP: 6/6
  2120 | D:3      | Prayed at the altar of an unknown god.
  2120 | D:3      | Became a worshipper of Uskayaw the Reveller
  2120 | D:3      | Reached * piety under Uskayaw
  2120 | D:3      | Reached ** piety under Uskayaw
  2179 | D:3      | Noticed Ijyb
  2204 | D:3      | Killed Ijyb
  3138 | D:4      | Found a glowing drain.
  3256 | Sewer    | Entered a sewer
  3368 | Sewer    | Reached *** piety under Uskayaw
  3373 | Sewer    | Found an ancient bone altar of Kikubaaqudgha.
  3394 | Sewer    | Reached skill level 1 in Shields
  3534 | Sewer    | Reached skill level 5 in Fighting
  3571 | Sewer    | Gained mutation: You have a pair of horns on your head.
                  | [demonic ancestry]
  3571 | Sewer    | Reached XP level 7. HP: 55/56 MP: 7/7
  3783 | D:4      | Reached skill level 6 in Long Blades
  3843 | D:4      | Noticed Pikel
  3868 | D:4      | Killed Pikel
  3869 | D:4      | Gained mutation: When seriously injured, your blood forms
                  | thick armour. (AC +9) [demonic ancestry]
  3869 | D:4      | Reached XP level 8. HP: 16/63 MP: 8/8
  4105 | D:4      | Noticed Grinder
  4111 | D:4      | Paralysed by Grinder for 5 turns
  4122 | D:4      | Killed Grinder
  4123 | D:4      | Reached skill level 7 in Long Blades
  4214 | D:4      | Noticed Eustachio
  4264 | D:4      | Reached **** piety under Uskayaw
  4284 | D:4      | Reached ***** piety under Uskayaw
  4302 | D:4      | Killed Eustachio
  4854 | D:5      | Entered Level 5 of the Dungeon
  4936 | D:5      | Reached skill level 5 in Shields
  4975 | D:5      | Found a bloodstained altar of Trog.
  5163 | D:5      | Identified the +2 leather armour "Vueronat" {rPois rC+
                  | Dex+3}
  5433 | D:5      | Reached skill level 8 in Long Blades
  5433 | D:5      | Reached XP level 9. HP: 65/71 MP: 9/9
  6227 | D:6      | Found a sparkling altar of Nemelex Xobeh.
  6381 | D:6      | Noticed Edmund
  6394 | D:6      | Killed Edmund
  6509 | D:6      | Noticed Duvessa
  6526 | D:6      | Killed Duvessa
  6551 | D:6      | Noticed Dowan
  6557 | D:6      | Killed Dowan
  6649 | D:6      | Reached skill level 9 in Long Blades
  6758 | D:6      | Noticed Prince Ribbit
  6801 | D:6      | Killed Prince Ribbit
  6924 | D:6      | Found the +7 Throatcutter {drain, coup de grace}
  6942 | D:6      | Reached XP level 10. HP: 50/79 MP: 10/10
  7269 | D:6      | Found a hide-covered altar of Uskayaw.
  7963 | D:7      | Found a staircase to the Ecumenical Temple.
  8211 | D:8      | Found a bloodstained altar of Trog.
  8211 | D:8      | Noticed ragingrage's ghost (novice VSHu)
  8222 | D:8      | Found a transporter.
  8226 | D:8      | Noticed a moth of wrath
  8230 | D:8      | Found a transporter.
  8333 | D:8      | Noticed Erica
  8341 | D:8      | Killed Erica
  8342 | D:8      | Reached skill level 10 in Long Blades
  9371 | D:9      | Reached XP level 11. HP: 80/87 MP: 11/11
  9808 | D:10     | Entered Level 10 of the Dungeon
  9941 | D:10     | Found a large runed translucent door.
  9942 | D:10     | Found a large runed translucent door.
  9944 | D:10     | Noticed innerfire43's ghost (journeyman DsMo)
 10021 | D:10     | Reached skill level 11 in Long Blades
 10189 | D:10     | Reached ****** piety under Uskayaw
 10201 | D:10     | Found a staircase to the Lair.
 10219 | D:10     | Reached skill level 10 in Shields
 10573 | D:10     | Noticed Urug
 10581 | D:10     | Killed Urug
 10793 | D:10     | Killed innerfire43's ghost
 10998 | Lair:1   | Entered Level 1 of the Lair of Beasts
 11259 | Lair:1   | Reached skill level 12 in Long Blades
 11406 | Lair:1   | Gained mutation: Your hexes are more powerful. [demonic
                  | ancestry]
 11406 | Lair:1   | Reached XP level 12. HP: 97/97 MP: 12/12
 11940 | Lair:1   | Noticed Nergalle
 11955 | Lair:1   | Killed Nergalle
 12254 | Lair:2   | Reached skill level 10 in Fighting
 12470 | Lair:2   | Found a runed translucent gate.
 12470 | Lair:2   | Found a runed translucent gate.
 12470 | Lair:2   | Found a runed translucent gate.
 12804 | Lair:2   | Noticed a death yak
 12822 | Lair:2   | Killed a death yak
 12823 | Lair:2   | Reached skill level 13 in Long Blades
 12873 | Lair:2   | Noticed a four-headed hydra
 12886 | Lair:2   | Killed a ten-headed hydra
 13273 | Lair:2   | Noticed HilariousDeathArtist's ghost (journeyman DrHs)
 13274 | Lair:2   | Noticed an ice dragon
 13578 | Lair:2   | Found a staircase to the Shoals.
 13623 | Lair:2   | Got the Discourse on Embers and Forces
 13791 | Lair:2   | Killed an ice dragon
 13857 | Lair:2   | Killed HilariousDeathArtist's ghost
 14016 | Lair:2   | Got the ring of Reer Ovo {Fire rCorr Str+5}
 14302 | Lair:3   | Reached XP level 13. HP: 79/104 MP: 13/13
 14499 | Lair:3   | Found a hole to the Spider Nest.
 15615 | Lair:4   | Found a staircase to the Slime Pits.
 15753 | Spider:1 | Entered Level 1 of the Spider Nest
 15759 | Spider:1 | Reached skill level 14 in Long Blades
 15847 | Spider:1 | HP: 3/94 [jorogumo/bolt of negative energy (25)]
 16897 | Spider:1 | Identified the -2 pair of gloves of Indemnity {Harm}
 17243 | Spider:1 | Noticed a broodmother
 17244 | Spider:1 | Noticed an emperor scorpion
 17252 | Spider:1 | Killed a broodmother
 17268 | Spider:1 | Killed an emperor scorpion
 18216 | Spider:2 | Found a frozen archway.
 18225 | Spider:2 | Slain by a demonic crawler

Illustrated notes

Levels and vault maps discovered:
D:1:      amcnicky_arrival_feature_with_door, layout_basic
D:2:      layout_basic, uniq_crazy_yiuf_cottage
D:3:      layout_basic, ebering_ecumenical_altar_petrified, minivault_25,
          uniq_sigmund, uniq_ijyb
D:4:      nicolae_cairo_tiling, layout_loops_ring, elyvilon_altar_5,
          portal_sewer_entry_a, uniq_grinder, uniq_eustachio, uniq_pikel
D:5:      wad_woods_settlement, layout_basic,
          mainiacjoe_overflow_surrounded_room, minmay_between
D:6:      layout_cave_pools, minitemple, minmay_fountain_box,
          dilly_guarded_unrand_throatcut, uniq_prince_ribbit1, uniq_duvessa,
          uniq_edmund
D:7:      layout_basic, minmay_temple_entry_hall, serial_curves, eino_curves_03,
          eino_curves_03
D:8:      layout_loops_ring, gammafunk_ghost_wrathful_warriors, uniq_erica
D:9:      layout_stronghold
D:10:     layout_roguey, minmay_lair_entry_grove, ebering_ghost_disaster_area,
          uniq_urug
Lair:1:   layout_cave_pods, uniq_nergalle
Lair:2:   lemuel_ratsnest, layout_big_grid, nicolae_shoals_entry_roost,
          gauntlet_entry_generic, gammafunk_ghost_icy, roderic_carrion_pond,
          serial_bayou_shore_a
Lair:3:   layout_regular_city, spider_nest_entry_webs
Lair:4:   layout_regular_city, minmay_slime_entry_oklob_open
Spider:1: layout_chambers, drop_trap, nicolae_spider_claw_tunnel
Spider:2: layout_spider_delve, portal_ice_cave_entry_pillars_1, uniq_arachne

Skill      XL: |  1  2  3  4  5  6  7  8  9 10 11 12 13 |
---------------+----------------------------------------+-----
Long Blades    | 3 5 6 8 9 10 12 13 14 | 14.8
Fighting       | 4 5 6 7 8 9 10 11 | 11.7
Shields        | 2 3 5 7 9 10 12 13 | 13.8
Dodging        | |  2.7

Action                     |  1- 3 |  4- 6 |  7- 9 | 10-12 | 13-15 || total
---------------------------+-------+-------+-------+-------+-------++-------
  Melee: Falchion          |    72 |   192 |   432 |     3 |       ||   699
         Headbutt          |     7 |    32 |    97 |    97 |    66 ||   299
         Long sword        |       |       |       |   505 |   257 ||   762
    Use: Scroll            |     5 |       |       |    22 |     1 ||    28
         Potion            |       |       |     5 |     3 |     1 ||     9
   Stab: Paralysed         |       |     3 |    11 |    36 |    21 ||    71
         Sleeping          |       |     1 |     4 |       |     1 ||     6
         Distracted        |       |       |       |     1 |     2 ||     3
 Armour: Robe              |    24 |   102 |   177 |       |       ||   303
         Leather armour    |       |       |    69 |    90 |    50 ||   209
  Dodge: Dodged            |    49 |    91 |   180 |   105 |    47 ||   472
  Block: Tower shield      |       |   158 |   645 |   541 |   270 ||  1614
         Reflection        |       |     5 |    10 |    10 |       ||    25

Table legend: (Time is in decaauts)
 A = Elapsed time spent in this place.
 B = Non-inter-level travel time spent in this place.
 C = Inter-level travel time spent in this place.
 D = Time resting spent in this place.
 E = Time spent auto-exploring this place.
 F = Levels seen in this place.
 G = Mean time per level.
                   A        B        C        D        E       F      G
               +--------+--------+--------+--------+--------+-----+--------+
         Total |  18466 |  17537 |    929 |      0 |  14518 |  17 | 1086.2 |
       Dungeon |  10752 |  10139 |    613 |      0 |   8410 |  10 | 1075.2 |
          Lair |   4773 |   4515 |    258 |      0 |   3760 |   4 | 1193.2 |
   Spider Nest |   2452 |   2394 |     58 |      0 |   2105 |   2 | 1226.0 |
         Sewer |    486 |    486 |      0 |      0 |    242 |   1 |  486.0 |
               +--------+--------+--------+--------+--------+-----+--------+

Top non-repeatable levels by time:
Spider:1: 2420 daAuts
  Lair:2: 2051 daAuts
  Lair:3: 1467 daAuts
     D:5: 1385 daAuts
     D:4: 1356 daAuts
     D:2: 1280 daAuts
  Lair:1: 1252 daAuts
    D:10: 1202 daAuts
     D:3: 1189 daAuts
     D:6: 1129 daAuts
     D:9: 961 daAuts
     D:7: 852 daAuts
     D:8: 711 daAuts
     D:1: 682 daAuts
   Sewer: 486 daAuts
